Map: Catalyst LE

Players

soO - Winner!

  • Race: Zerg Zerg
  • Spawn Location: 11:00

Cure

  • Race: Terran Terran
  • Spawn Location: 5:00

Event: IEM Season 12 - Katowice

VOD

Have the link to the VOD?

Description

Time

  • Played on: Feb. 27, 2018, 10:53 a.m.
  • Length: 18:14

All games in this series

Show
View Real Time Build Order
Export as new Build Order

soO Zerg - Winner!

Build Orders: Hatch First, Roach Hydra 

Get SALT Encoding   

  12  0:00  Drone  
  13  0:12  Overlord  
  13  0:17  Drone  
  14  0:30  Drone x2  
  14  0:34  Drone  
  17  0:52  Hatchery  
  17  0:54  Drone  
  17  0:58  Drone  
  18  1:08  Extractor  
  17  1:12  Spawning Pool  
  17  1:15  Drone  
  17  1:19  Drone  
  18  1:27  Drone  
  19  1:38  Overlord  
  19  1:58  Queen  
  19  1:59  Zergling x4  
  23  2:03  Queen  
  23  2:05  Drone  
  23  2:08  Metabolic Boost  
  26  2:10  Drone  
  26  2:15  Drone  
  28  2:31  Hatchery  
  28  2:33  Drone  
  28  2:42  Queen  
  30  2:47  Drone x2  
  32  2:52  Overlord  
  32  2:56  Drone  
  32  2:58  Zergling x2  
  34  3:00  Drone  
  35  3:08  Overlord  
  35  3:10  Drone  
  36  3:14  Drone x3  
  36  3:17  Drone  
  36  3:19  Drone  
  41  3:29  Zergling x4  
  41  3:30  Overlord  
  41  3:32  Queen  
  45  3:34  Drone  
  45  3:37  Drone  
  47  3:45  Lair  
  47  3:49  Drone  
  47  3:51  Drone  
  47  3:52  Roach Warren  
  47  3:53  Drone  
  47  3:55  Drone  
  50  3:56  Drone  
  50  3:57  Drone  
  50  4:01  Drone  
  53  4:03  Drone x2  
  53  4:06  Drone x2  
  57  4:11  Extractor  
  57  4:14  Drone x2, Extractor  
  57  4:17  Drone, Overlord  
  57  4:22  Overlord  
  57  4:23  Overlord  
  58  4:24  Drone  
  58  4:27  Overlord  
  59  4:34  Overlord  
  59  4:38  Roach x3  
  65  4:41  Roach  
  65  4:42  Drone  
  65  4:43  Drone  
  69  4:46  Glial Reconstitution  
  69  4:50  Drone x3  
  69  4:51  Drone  
  73  4:53  Drone  
  73  4:54  Drone  
  73  4:55  Drone  
  73  4:57  Drone  
  77  5:03  Drone x4  
  77  5:05  Drone  
  82  5:14  Overlord  
  82  5:16  Drone  
  82  5:18  Extractor  
  82  5:19  Extractor  
  81  5:21  Overlord  
  81  5:25  Drone x2  
  83  5:29  Drone  
  83  5:30  Drone  
  83  5:32  Evolution Chamber x2, Hydralisk Den  
  83  5:35  Roach x6  
  94  5:37  Overlord  
  94  5:40  Drone x2  
  96  5:49  Drone x3, Extractor  
  99  5:50  Drone  
  98  5:58  Zerg Missile Weapons Level 1, Zerg Ground Armor Level 1  
  98  6:03  Drone  
  99  6:04  Grooved Spines  
  99  6:05  Roach x3  
  99  6:08  Ravager  
  99  6:10  Roach x2  
  99  6:11  Hatchery  
  109  6:15  Roach  
  109  6:16  Roach x2  
  115  6:20  Overlord  
  115  6:21  Roach x2  
  117  6:27  Roach x2  
  117  6:29  Overlord  
  117  6:30  Overlord  
  121  6:35  Overlord  
  121  6:36  Ravager  
  121  6:39  Roach x2, Hydralisk x2  
  130  6:42  Overlord  
  130  6:43  Overlord  
  130  6:50  Roach x2  
  130  6:51  Roach x2, Ravager x2  
  132  6:57  Roach x2  
  132  7:00  Roach  
  125  7:02  Roach x2  
  125  7:05  Roach  
  115  7:11  Roach  
  114  7:19  Drone x2, Muscular Augments  
  114  7:21  Hydralisk  
  118  7:25  Hydralisk x3  
  124  7:31  Hydralisk  
  124  7:35  Hydralisk x2  
  130  7:37  Drone  
  130  7:42  Hydralisk  
  133  7:45  Hydralisk x2  
  133  7:49  Drone x4  
  141  7:55  Overlord  
  141  7:56  Overlord  
  141  7:57  Overlord  
  141  7:59  Overlord  
  141  8:04  Hydralisk  
  143  8:09  Overlord  
  143  8:11  Hydralisk  
  143  8:13  Hydralisk  
  143  8:16  Hydralisk x4  
  153  8:21  Drone x3, Zerg Missile Weapons Level 2  
  156  8:28  Hydralisk x3  
  156  8:31  Overlord  
  162  8:36  Spore Crawler  
  162  8:40  Zerg Ground Armor Level 2  
  162  8:41  Drone, Extractor  
  160  8:43  Extractor  
  160  8:46  Roach x3  
  166  8:49  Drone x3  
  169  8:56  Drone x2, Infestation Pit  
  169  8:58  Roach x5  
  169  8:59  Overlord  
  169  9:02  Overlord  
  180  9:05  Drone  
  181  9:14  Roach  
  181  9:15  Roach x5  
  193  9:21  Hatchery  
  193  9:22  Drone x2  
  194  9:24  Spore Crawler  
  193  9:31  Spire  
  193  9:32  Queen  
  193  9:36  Hive  
  194  9:44  Drone x6  
  200  9:56  Overseer  
  200  10:39  Extractor  
  200  10:41  Extractor  
  198  10:57  Spine Crawler  
  198  10:59  Viper  
  197  11:06  Viper  
  197  11:10  Greater Spire  
  199  11:21  Zerg Missile Weapons Level 3, Zerg Ground Armor Level 3  
  190  11:42  Corruptor x5  
  200  11:50  Hatchery  
  200  12:01  Drone  
  200  12:15  Adrenal Glands  
  200  12:18  Baneling Nest  
  200  12:19  Ultralisk Cavern  
  198  12:37  Zerg Flyer Weapons Level 1  
  198  12:55  Viper x2  
  200  12:58  Brood Lord  
  200  13:09  Chitinous Plating  
  200  13:10  Centrifical Hooks  
  200  13:16  Pneumatized Carapace  
  200  13:19  Spore Crawler  
  197  13:28  Brood Lord  
  199  13:36  Spine Crawler  
  199  13:37  Spore Crawler  
  199  13:38  Brood Lord  
  195  13:51  Corruptor  
  195  13:52  Corruptor  
  195  13:53  Brood Lord x2  
  199  13:55  Spore Crawler x2  
  199  13:57  Spore Crawler x2  
  199  14:02  Drone  
  196  14:03  Drone x4  
  194  14:25  Corruptor x3  
  181  14:49  Corruptor x3  
  181  14:50  Corruptor x3  
  181  14:52  Corruptor  
  179  15:05  Zerg Flyer Weapons Level 2  
  163  15:08  Corruptor x3  
  163  15:09  Corruptor x2  
  163  15:10  Brood Lord x4  
  163  15:13  Corruptor x7  
  163  15:14  Corruptor  
  197  15:22  Extractor x2  
  197  15:23  Spine Crawler  
  197  15:24  Drone x4, Spine Crawler  
  197  15:25  Drone x3, Spine Crawler  
  199  15:31  Overseer x4  
  199  15:41  Drone  
  200  15:47  Zerg Melee Weapons Level 1  
  200  15:48  Spire  
  197  16:13  Drone x3  
  197  16:14  Overseer x4  
  177  16:52  Corruptor x8  
  178  17:04  Corruptor  
  178  17:05  Corruptor x3  
  190  17:13  Corruptor x3  
  190  17:14  Corruptor x5  
  176  17:33  Brood Lord  
  176  17:34  Brood Lord  
  182  17:47  Hatchery  
  182  17:50  Hydralisk x3  
Show
View Real Time Build Order
Export as new Build Order

Cure Terran 

Build Orders: Gas First Reaper Expand, Reaper Expand, Bio Tank 

Get SALT Encoding   

  12  0:00  SCV  
  13  0:12  SCV  
  14  0:17  Supply Depot  
  14  0:24  SCV  
  15  0:29  Refinery  
  15  0:38  SCV  
  16  0:44  Barracks  
  16  0:50  SCV  
  17  1:02  SCV  
  18  1:15  SCV  
  19  1:30  Orbital Command  
  19  1:31  Reaper  
  20  1:42  Command Center  
  20  1:56  Factory  
  20  1:57  SCV  
  21  2:03  Refinery  
  21  2:06  Barracks Reactor  
  21  2:09  SCV  
  21  2:14  Supply Depot  
  22  2:21  SCV  
  23  2:36  SCV  
  24  2:43  Starport  
  24  2:48  Hellion x2, SCV  
  29  2:54  Orbital Command  
  29  2:57  Barracks Tech Lab  
  29  3:00  SCV  
  30  3:10  Hellion  
  30  3:11  Hellion  
  34  3:14  SCV  
  35  3:24  SCV  
  35  3:26  SCV  
  37  3:30  Supply Depot  
  37  3:31  Viking  
  39  3:36  SCV  
  39  3:38  SCV  
  40  3:49  SCV  
  40  3:50  SCV  
  40  3:52  Barracks Tech Lab  
  42  3:58  Command Center  
  42  4:03  SCV x2  
  44  4:11  Stimpack, Marine  
  44  4:12  Supply Depot, Factory Reactor  
  44  4:15  SCV  
  44  4:16  SCV  
  47  4:24  Barracks  
  47  4:27  Barracks  
  47  4:29  SCV x2  
  49  4:39  Engineering Bay x2  
  49  4:41  SCV x2  
  49  4:42  Marine  
  52  4:53  Starport Reactor, SCV x2  
  52  4:59  Siege Tank  
  57  5:00  Marine  
  57  5:03  Supply Depot  
  57  5:05  Terran Infantry Armor Level 1, Terran Infantry Weapons Level 1  
  58  5:11  Orbital Command  
  59  5:14  SCV x2  
  59  5:18  Marine x2  
  59  5:19  Marine x3  
  65  5:24  Refinery  
  65  5:26  SCV x2, Refinery  
  67  5:34  Medivac x2  
  71  5:37  Marine x4  
  71  5:38  Marine  
  71  5:42  Siege Tank  
  79  5:43  Orbital Command  
  79  5:49  SCV  
  81  5:50  Supply Depot x2, SCV  
  81  5:59  Supply Depot  
  81  6:01  Marine x4  
  85  6:11  SCV x2, Marine  
  85  6:13  Combat Shields  
  88  6:20  SCV, Marine x2  
  88  6:21  Marine x2  
  88  6:23  SCV x2  
  88  6:24  Armory  
  95  6:26  Barracks  
  95  6:27  Barracks  
  95  6:29  Marine  
  95  6:36  Siege Tank, Medivac x2  
  100  6:40  Marine x3  
  100  6:44  Marine  
  104  6:52  SCV x2  
  101  6:54  Marauder  
  101  6:59  Marine x3  
  98  7:02  Marine  
  98  7:07  SCV  
  98  7:08  SCV  
  89  7:14  Terran Infantry Weapons Level 2  
  89  7:15  Barracks Reactor x2, Orbital Command, Marauder  
  85  7:20  SCV x2  
  87  7:27  Marine x4  
  91  7:32  SCV x2  
  91  7:33  Supply Depot  
  91  7:34  Terran Infantry Armor Level 2  
  93  7:40  SCV  
  93  7:44  SCV x2  
  95  7:45  Marine x5  
  101  7:54  Siege Tank  
  101  7:58  Supply Depot, SCV x2  
  101  7:59  SCV  
  104  8:06  Marine x5  
  104  8:12  Marine x2  
  109  8:16  Marine x2  
  109  8:17  Medivac x2  
  109  8:19  SCV  
  105  8:20  SCV x2  
  105  8:22  Supply Depot  
  105  8:23  Refinery  
  105  8:24  Refinery  
  106  8:27  Factory  
  106  8:28  Siege Tank  
  106  8:31  SCV, Marine, Marauder  
  106  8:32  SCV x2  
  115  8:38  Marine x2  
  117  8:44  Marine x2  
  117  8:45  Supply Depot, SCV x3  
  117  8:47  Supply Depot  
  122  8:50  Terran Vehicle Weapons Level 1  
  122  8:56  Marauder  
  122  8:59  SCV  
  122  9:01  SCV  
  125  9:03  Marine  
  125  9:07  SCV, Siege Tank, Marine x2, Medivac  
  125  9:09  Marine  
  134  9:10  Factory Tech Lab  
  134  9:11  Supply Depot  
  134  9:15  SCV x2  
  136  9:17  Marine x4  
  136  9:19  SCV  
  136  9:21  Supply Depot  
  136  9:22  Supply Depot  
  141  9:26  Supply Depot  
  141  9:33  SCV x3, Marauder  
  141  9:36  Sensor Tower  
  141  9:37  Siege Tank  
  148  9:39  Missile Turret  
  148  9:42  Medivac x2  
  148  9:43  Supply Depot  
  152  9:48  Marine x5  
  152  9:49  Marine  
  152  9:51  Marine  
  152  9:52  Marine  
  160  9:54  Siege Tank  
  160  9:59  Liberator x2, Marauder  
  165  10:04  Supply Depot  
  165  10:05  Supply Depot  
  162  10:12  Command Center  
  162  10:15  Siege Tank  
  162  10:20  Marine x2  
  162  10:21  Marine, Marauder  
  176  10:23  Marine x2  
  178  10:32  Terran Infantry Weapons Level 3  
  178  10:37  Terran Infantry Armor Level 3  
  178  10:38  Marine x4  
  181  10:44  Marine x4  
  181  10:45  Marauder  
  181  10:49  Terran Ship Weapons Level 1  
  187  11:09  Starport  
  187  11:11  Starport  
  185  11:13  Barracks x2  
  185  11:14  Barracks  
  185  11:16  Unknown x2  
  185  11:18  Viking x2  
  187  11:23  Fusion Core  
  187  11:25  Marine x5, Marauder  
  192  11:50  Viking x2  
  192  11:52  Starport Tech Lab  
  192  11:53  Starport Reactor  
  194  12:07  Barracks Reactor, Barracks Tech Lab  
  194  12:08  Ghost Academy, Barracks Tech Lab  
  194  12:12  Command Center  
  194  12:13  Planetary Fortress  
  194  12:15  Viking, Refinery  
  196  12:18  Concussive Shells  
  196  12:20  Viking x2  
  200  12:31  Missile Turret, Refinery  
  200  12:34  Missile Turret  
  200  12:36  Sensor Tower  
  199  12:47  Terran Ship Weapons Level 2  
  199  12:49  Personal Cloaking  
  199  12:56  Ghost x2  
  187  13:04  Ghost Academy  
  187  13:05  Ghost Academy  
  185  13:07  Barracks Tech Lab  
  185  13:15  Viking x3  
  191  13:20  Viking  
  191  13:21  Viking  
  182  13:32  Ghost x2  
  182  13:39  Ghost  
  184  13:45  Viking  
  186  13:52  Ghost  
  186  13:55  Refinery  
  188  14:00  Ghost, Refinery  
  190  14:06  Sensor Tower  
  190  14:10  Starport x2  
  190  14:15  Nuke  
  187  14:30  Refinery, Planetary Fortress  
  187  14:31  Missile Turret  
  167  14:49  Ghost x4  
  167  14:50  Marine x6  
  158  15:03  SCV x4  
  158  15:06  SCV  
  158  15:09  Refinery  
  158  15:15  SCV x4, Raven  
  158  15:16  Starport Tech Lab x2  
  158  15:17  Corvid Reactor, Terran Ship Weapons Level 3  
  158  15:18  SCV, Nuke x2  
  165  15:27  SCV x4  
  169  15:31  SCV  
  170  15:39  Raven x2  
  174  15:42  Command Center  
  174  15:48  Ghost  
  176  15:54  Ghost, Missile Turret  
  176  15:55  Missile Turret  
  178  15:58  Raven  
  178  16:02  Medivac x2  
  178  16:03  Marine x6  
  178  16:04  Marine x2  
  172  16:23  Viking x4  
  165  16:25  Ghost  
  165  16:26  Ghost, Marine x2  
  165  16:27  Marine x2, Marauder x2  
  172  16:36  Marine x3  
  159  16:47  Ghost, Marine x3  
  159  16:49  Marauder  
  149  16:54  Ghost x2  
  134  17:02  Marine x3  
  134  17:06  Marine  
  135  17:09  Ghost  
  126  17:16  Ghost  
  126  17:17  Marine x2  
  115  17:22  Ghost  
  115  17:28  Ghost  
  111  17:34  Marine x3  
  112  17:47  Marine  

Tags
 
Add a new tag
Caveats
  • Supply blocks, unpowered buildings, or Contaminate may cause inaccurate times.
  • Supply counts are checked every 10 seconds.